 Dungeon Crawl Stone Soup version 0.28.0-53-g5a82cb258f (webtiles) character file.

Game seed: 9493085020088636704

370 safid the Cleaver (level 6, 0/52 HPs)
             Began as a Hill Orc Fighter on Aug 15, 2022.
             Was an Initiate of Beogh.
             Slain by an orc warrior
             ... wielding a +0 flail
              (7 damage)
             ... on level 5 of the Dungeon.
             The game lasted 00:06:02 (4353 turns).

safid the Cleaver (Hill Orc Fighter)                Turns: 4353, Time: 00:06:03

Health: 0/52       AC: 12    Str: 21    XL:     6   Next: 70%
Magic:  6/6        EV:  6    Int:  8    God:    Beogh [......]
Gold:   456        SH:  8    Dex: 10    Spells: 5/5 levels left

rFire   . . .      SeeInvis .   a - +0 war axe
rCold   . . .      Faith    .   h - +0 kite shield
rNeg    + . .      Spirit   .   B - +0 chain mail
rPois   .          Reflect  .   (no helmet)
rElec   .          Harm     .   (no cloak)
rCorr   .          Rampage  .   l - +1 pair of gloves {Stlth+}
Will    .....                   y - +0 pair of boots
Stlth   ..........              (no amulet)
HPRegen 0.17/turn               k - ring of positive energy
MPRegen 0.10/turn               (no ring)

@: studying Necromancy
A: no striking features
a: Renounce Religion


You were on level 5 of the Dungeon.
You worshipped Beogh.
Beogh was noncommittal.
You visited 1 branch of the dungeon, and saw 5 of its levels.
You also visited: Ossuary.

You collected 456 gold pieces.

Inventory:

Hand Weapons
 a - a +0 war axe (weapon)
Missiles
 g - 12 poisoned darts (quivered)
 t - 5 silver javelins
Armour
 h - a +0 kite shield (worn)
 l - a +1 pair of gloves of stealth (worn)
 q - a +0 tower shield
 y - a +0 pair of boots (worn)
 B - a +0 chain mail (worn)
Jewellery
 k - a ring of positive energy (left hand)
Wands
 A - a wand of flame (17)
Scrolls
 c - 2 scrolls of amnesia {unknown}
 e - 5 scrolls of identify {unknown}
 f - a scroll of blinking {unknown}
 j - a scroll of immolation {unknown}
 m - a scroll of silence {unknown}
 o - 2 scrolls of fear {unknown}
 p - a scroll of acquirement {unknown}
 u - 2 scrolls of fog {unknown}
 v - a scroll of magic mapping {unknown}
 z - a scroll of enchant armour {unknown}
Potions
 b - a potion of invisibility {unknown}
 d - 2 potions of might
 i - 3 potions of flight {unknown}
 n - 4 potions of curing {unknown}
 r - 2 potions of brilliance {unknown}
 s - 2 potions of cancellation {unknown}
 w - a potion of magic {unknown}
 x - a potion of haste {unknown}


   Skills:
 - Level 4.0 Fighting
 + Level 8.1 Axes
 - Level 4.0 Armour
 - Level 4.0 Shields


You had 5 spell levels left.
You didn't know any spells.
Your spell library contained the following spells:

 Spells                   Type           Power      Damage    Failure   Level
 Freeze                   Ice            0%         1d3       100%        1
 Frozen Ramparts          Ice            0%         1d2       100%        3
 Gell's Gravitas          Tloc           0%         N/A       100%        3
 Lesser Beckoning         Tloc           0%         N/A       100%        3
 Stone Arrow              Conj/Erth      0%         3d7       100%        3
 Summon Guardian Golem    Hex/Summ       0%         N/A       100%        3
 Teleport Other           Tloc           0%         N/A       100%        3
 Animate Armour           Summ/Erth      0%         N/A       100%        4
 Hailstorm                Conj/Ice       0%         3d3       100%        4
 Orb of Destruction       Conj           0%         9d5       100%        7
 Spellforged Servitor     Conj/Summ      0%         N/A       100%        7
 Lehudib's Crystal Spear  Conj/Erth      0%         10d2      100%        8


Dungeon Overview and Level Annotations

Branches:
Dungeon (5/15)            Ossuary (visited)
 Temple: D:4-7

Altars:
Makhleb
Nemelex Xobeh

Shops:
D:3 *


Message History

The orc warrior hits you but does no damage.
You closely miss the orc warrior.
The orc warrior is lightly wounded.
The orc warrior barely misses you.
You hit the orc warrior but do no damage.
The orc warrior is lightly wounded.
The orc warrior hits you with a +0 flail.
You closely miss the orc warrior.
The orc warrior is lightly wounded.
The orc warrior hits you with a +0 flail.
You hit the orc warrior but do no damage.
The orc warrior is lightly wounded.
You block the orc warrior's attack.
The orc wizard gestures wildly while chanting.
The orc wizard flickers and vanishes!
Deactivating autopickup; reactivate with Ctrl-A.
You block the orc warrior's attack.
Unknown command.
You barely miss the orc warrior.
The orc warrior is lightly wounded.
The orc warrior hits you with a +0 flail!
You barely miss the orc warrior.
The orc warrior is lightly wounded.
You block the orc warrior's attack.
You closely miss the orc warrior.
The orc warrior is lightly wounded.
The orc warrior hits you with a +0 flail.
You hit the orc warrior but do no damage.
The orc warrior is lightly wounded.
You block the orc warrior's attack.
The orc warrior hits you with a +0 flail!
* * * LOW HITPOINT WARNING * * *
You hit the orc warrior.
The orc warrior is moderately wounded.
You block the orc warrior's attack.
You barely miss the orc warrior.
The orc warrior is moderately wounded.
The orc warrior hits you with a +0 flail!
You die...
Beogh appreciates the orc warrior's killing of a heretic priest.

.........#.##
......
.#######.#..#
#.# ###### .#
#.##.## #.#
### .#
#.##..# #.#
#######.. .#
#.###.###o#
......... .#
... #..##o#
#######.# .#
... ##.##{#
......... .#
... #..#o#
.#......#
..... ##.#@#
........#
#.#.#
<#.####.#
#...# # #.#
##..# #.#
#.># #.# ##.#
#.# #.# #.#


You could see an orc warrior and 2 orcs.

Vanquished Creatures
  An ogre (D:4)
  A scorpion (D:4)
  A killer bee zombie (D:5)
  8 mummies (Ossuary)
  2 adders
  3 worms
  3 dart slugs
  7 orcs
  5 endoplasms
  5 giant cockroaches
  3 gnoll zombies (Ossuary)
  8 goblins
  5 hobgoblins
  3 jackals (D:1)
  2 quokkas
  2 ball pythons
  A bat (D:3)
  A frilled lizard (D:1)
  A hobgoblin zombie (Ossuary)
  6 kobolds
  3 kobold zombies (Ossuary)
  An orc zombie (Ossuary)
  A rat (D:3)
73 creatures vanquished.

Vanquished Creatures (others)
  An adder (D:4)
  An orc (D:4)
2 creatures vanquished.

Grand Total: 75 creatures vanquished

Notes
Turn   | Place    | Note
-------+----------+-------------------------------------------
     0 | D:1      | safid the Hill Orc Fighter began the quest for the Orb.
     0 | D:1      | Reached XP level 1. HP: 19/19 MP: 1/1
   130 | D:1      | Reached XP level 2. HP: 23/27 MP: 2/2
   180 | D:1      | Found a faded altar of an unknown god.
   214 | D:1      | Reached skill level 3 in Axes
   317 | D:1      | You fall into a shaft and drop 1 floor!
  1038 | D:1      | Reached XP level 3. HP: 30/33 MP: 3/3
  1553 | D:3      | Found Pejypp's General Store.
  1658 | D:3      | Reached XP level 4. HP: 40/40 MP: 4/4
  1779 | D:3      | Reached skill level 4 in Axes
  2316 | D:4      | Found a burning altar of Makhleb.
  2363 | D:4      | Noticed an ogre
  2425 | D:4      | Became a worshipper of Beogh the Brigand
  2626 | D:4      | Noticed a scorpion
  2644 | D:4      | HP: 2/40 [scorpion (7)]
  2646 | D:4      | Killed a scorpion
  2647 | D:4      | Reached skill level 5 in Axes
  2647 | D:4      | Reached XP level 5. HP: 25/46 MP: 5/5
  2931 | D:4      | Killed an ogre
  2932 | D:4      | Reached skill level 6 in Axes
  2932 | D:4      | Reached XP level 6. HP: 8/52 MP: 6/6
  2970 | D:4      | Reached skill level 7 in Axes
  2995 | D:4      | Found a sand-covered staircase.
  3004 | Ossuary  | Entered an ossuary
  4072 | D:5      | Entered Level 5 of the Dungeon
  4286 | D:5      | Found a sparkling altar of Nemelex Xobeh.
  4293 | D:5      | Reached skill level 8 in Axes
  4337 | D:5      | Noticed an orc warrior
  4353 | D:5      | Slain by an orc warrior

Illustrated notes

Levels and vault maps discovered:
D:1:      ncdulo_wetmaze, layout_loops_ring,
          hellmonk_ecumenical_altar_pennies_from_heaven,
          amcnicky_mini_corridor_feature
D:2:      layout_rooms, grunt_decor_arrowhead
D:3:      minmay_bubble_buster, layout_loops_ring, serial_shops, shop
D:4:      layout_gridville, amcnicky_altar_gilded, enter_ossuary_2
D:5:      layout_basic, mainiacjoe_overflow_tiny_flanked,
          nemelex_xobeh_ov_fountains_minmay, mainiacjoe_overflow_chevrons,
          minmay_temple_entry_offerings, serial_undead, serial_undead_f,
          serial_undead_c, serial_undead_e, serial_undead_e

Skill      XL: |  1  2  3  4  5  6 |
---------------+-------------------+-----
Axes           | 3 5 6 8 |  8.1
Fighting       | 4 |  4.0
Armour         | 4 |  4.0
Shields        | 4 |  4.0

Action                   |  1- 3 |  4- 6 || total
-------------------------+-------+-------++-------
Melee: War axe           |    76 |   150 ||   226
Invok: Convert to Beogh  |       |     1 ||     1
  Use: Potion            |       |     2 ||     2
Armor: Scale mail        |    39 |    45 ||    84
       Chain mail        |       |     5 ||     5
Dodge: Dodged            |    21 |    53 ||    74
Block: Buckler           |     6 |       ||     6
       Kite shield       |    27 |    70 ||    97
